Map: Orbital Shipyard

Players

Javert

  • Race: Zerg Zerg
  • League: Grandmaster

그마갑니다 - Winner!

  • Race: Protoss Protoss
  • League: Grandmaster

VOD

Have the link to the VOD?

Description

Time

  • Played on: July 12, 2015, 12:48 a.m.
  • Length: 13:23
Show
View Real Time Build Order
Export as new Build Order

Javert Zerg 

Build Orders: Hatch First, Lurkers 

Get SALT Encoding   

  12  0:01  Drone  
  13  0:14  Overlord  
  13  0:19  Drone  
  14  0:33  Drone x2  
  16  0:50  Hatchery  
  16  0:54  Drone  
  16  0:56  Extractor  
  15  0:59  Drone  
  15  1:01  Drone  
  17  1:12  Drone  
  18  1:24  Spawning Pool  
  17  1:26  Drone  
  18  1:37  Drone  
  19  1:46  Drone  
  20  1:54  Overlord  
  20  2:07  Drone x2  
  22  2:11  Metabolic Boost  
  22  2:12  Queen  
  22  2:14  Queen  
  26  2:24  Zergling x4  
  26  2:25  Zergling x2  
  29  2:40  Zergling x6  
  32  3:12  Hatchery  
  32  3:13  Drone x5  
  36  3:31  Lair  
  36  3:54  Overlord x2  
  36  4:13  Drone x8  
  36  4:14  Drone x4  
  47  4:25  Drone  
  47  4:29  Drone  
  47  4:30  Drone x6  
  54  4:41  Overlord  
  54  4:42  Overlord x2  
  54  4:52  Extractor  
  49  4:53  Extractor  
  49  4:54  Extractor  
  49  4:56  Evolution Chamber  
  49  4:59  Roach Warren, Queen  
  47  5:00  Queen  
  49  5:10  Extractor  
  49  5:12  Evolution Chamber  
  49  5:13  Spore Crawler  
  42  5:25  Drone  
  42  5:26  Drone x12  
  52  5:32  Burrow  
  52  5:54  Overlord  
  52  5:55  Overlord, Drone  
  52  5:56  Drone x5  
  58  6:00  Zerg Missile Weapons Level 1, Zerg Ground Armor Level 1  
  58  6:03  Drone  
  58  6:04  Drone x2, Hydralisk Den  
  60  6:12  Overlord x2  
  60  6:13  Glial Reconstitution  
  60  6:16  Drone x2  
  60  6:17  Drone x4  
  66  6:22  Lurker Den  
  66  6:32  Spore Crawler  
  66  6:33  Drone x3  
  66  6:34  Overlord x2  
  66  6:35  Extractor  
  67  6:46  Overlord x2  
  67  6:51  Drone x4  
  67  6:52  Drone x4  
  75  7:00  Hydralisk x6  
  87  7:14  Roach x6  
  87  7:15  Roach  
  101  7:21  Drone  
  101  7:22  Drone x3  
  105  7:25  Overlord  
  105  7:26  Overlord  
  105  7:29  Overseer  
  105  7:39  Roach x3  
  105  7:40  Roach x6  
  123  7:58  Overlord  
  123  8:00  Zerg Ground Armor Level 2, Zerg Missile Weapons Level 2  
  123  8:10  Lurker x2  
  123  8:12  Lurker  
  126  8:22  Ravager x2  
  126  8:25  Hatchery, Zergling x18  
  126  8:26  Extractor, Zergling x8  
  139  8:30  Drone x4  
  143  8:38  Extractor  
  142  8:41  Drone x3  
  142  8:42  Drone x2, Overlord  
  142  8:43  Overseer  
  142  8:46  Overlord x2  
  147  9:01  Overlord x2  
  147  9:16  Hydralisk x10  
  167  9:28  Ravager x5  
  172  9:32  Spine Crawler  
  172  9:33  Spine Crawler  
  170  9:42  Infestation Pit  
  170  9:44  Spine Crawler  
  130  10:01  Hydralisk  
  130  10:02  Hydralisk x10  
  152  10:14  Overlord  
  152  10:18  Spire  
  151  10:21  Spine Crawler  
  151  10:22  Drone, Spine Crawler  
  151  10:23  Drone x5  
  151  10:25  Roach  
  151  10:26  Roach x8  
  173  10:33  Hatchery  
  173  10:34  Hive  
  172  10:41  Lurker  
  173  10:43  Overlord x2  
  173  10:47  Drone x3  
  176  11:05  Ravager x2  
  176  11:06  Ravager x2  
  180  11:15  Ravager x3  
  183  11:21  Overlord x3  
  181  11:30  Overlord  
  181  11:37  Queen x2  
  181  11:38  Overlord x2  
  185  11:51  Greater Spire  
  185  12:01  Spine Crawler  
  185  12:03  Spine Crawler  
  185  12:04  Overseer  
  185  12:06  Overseer  
  183  12:11  Zergling x12  
  171  12:38  Overseer  
  170  13:15  Extractor  
  170  13:18  Extractor  
Show
View Real Time Build Order
Export as new Build Order

그마갑니다 Protoss - Winner!

Build Orders:  

Get SALT Encoding   

  12  0:01  Probe  
  13  0:17  Pylon  
  13  0:18  Probe  
  14  0:35  Probe (Chrono Boost)  
  15  0:44  Probe (Chrono Boost)  
  16  0:52  Probe  
  17  1:04  Probe  
  17  1:09  Nexus  
  18  1:19  Forge  
  18  1:20  Probe  
  19  1:35  Pylon  
  19  1:37  Probe (Chrono Boost)  
  19  1:49  Probe (Chrono Boost), Gateway  
  20  1:54  Assimilator  
  20  1:56  Assimilator  
  20  1:57  Probe (Chrono Boost)  
  21  2:06  Probe (Chrono Boost)  
  22  2:13  Probe (Chrono Boost)  
  23  2:18  Photon Cannon  
  23  2:22  Probe (Chrono Boost)  
  24  2:29  Probe (Chrono Boost)  
  25  2:32  Probe (Chrono Boost)  
  25  2:36  Cybernetics Core, Probe (Chrono Boost)  
  27  2:39  Probe  
  27  2:43  Protoss Ground Weapons Level 1 (Chrono Boost)  
  28  2:47  Probe  
  29  2:51  Probe (Chrono Boost)  
  30  3:02  Zealot  
  30  3:03  Probe (Chrono Boost)  
  30  3:05  Probe (Chrono Boost)  
  34  3:11  Probe (Chrono Boost)  
  36  3:12  Probe (Chrono Boost)  
  36  3:20  Probe  
  36  3:23  Probe, Warp Gate (Chrono Boost)  
  36  3:27  Stargate  
  38  3:33  Probe  
  38  3:35  Probe  
  38  3:39  Assimilator  
  38  3:41  Assimilator  
  38  3:43  Pylon  
  38  3:45  Probe  
  38  3:47  Pylon  
  38  3:48  Probe  
  40  3:52  Stalker  
  42  3:57  Probe  
  42  3:59  Pylon  
  42  4:00  Probe  
  44  4:09  Probe  
  45  4:11  Oracle (Chrono Boost)  
  45  4:12  Probe  
  46  4:21  Probe  
  48  4:24  Probe  
  48  4:37  Stalker (Chrono Boost)  
  49  4:46  Probe x2  
  48  4:58  Probe x2  
  50  5:09  Robotics Facility  
  50  5:10  Probe x2  
  50  5:13  Pylon  
  53  5:30  Probe  
  53  5:32  Protoss Ground Armor Level 1 (Chrono Boost)  
  53  5:33  Mothership Core  
  55  5:39  Gateway  
  55  5:40  Gateway x2  
  55  5:42  Twilight Council  
  55  5:43  Probe  
  56  5:54  Probe  
  56  5:55  Probe  
  58  5:58  Observer (Chrono Boost)  
  58  6:00  Pylon  
  58  6:01  Pylon  
  59  6:06  Probe, Nexus  
  59  6:07  Probe  
  59  6:08  Pylon  
  59  6:10  Sentry  
  63  6:16  Pylon  
  63  6:17  Observer, Blink (Chrono Boost)  
  63  6:18  Probe  
  64  6:21  Probe  
  64  6:24  Pylon  
  66  6:35  Sentry x2  
  66  6:36  Zealot x2  
  75  6:45  Immortal (Chrono Boost)  
  78  6:53  Probe x2  
  80  6:55  Photon Cannon  
  80  6:58  Gateway x2  
  80  7:02  Gateway  
  80  7:03  Pylon  
  80  7:05  Pylon  
  80  7:13  Stalker  
  80  7:14  Stalker  
  84  7:17  Stalker x2  
  84  7:18  Probe  
  84  7:19  Probe  
  91  7:30  Probe  
  91  7:34  Probe, Assimilator  
  91  7:35  Robotics Bay  
  92  7:39  Protoss Ground Weapons Level 2 (Chrono Boost)  
  92  7:40  Assimilator  
  92  7:41  Probe  
  92  7:43  Probe  
  92  7:44  Sentry  
  96  7:46  Probe  
  96  7:59  Probe x2  
  96  8:02  Probe  
  99  8:08  Gateway x2  
  99  8:11  Probe x2  
  101  8:14  Probe, Photon Cannon  
  101  8:17  Sentry x2  
  101  8:18  Sentry  
  108  8:23  Probe x2  
  108  8:26  Gateway  
  110  8:27  Photon Cannon  
  110  8:31  Photon Cannon  
  111  8:39  Colossus (Chrono Boost)  
  110  8:42  Nexus  
  110  8:43  Extended Thermal Lance (Chrono Boost)  
  115  9:01  Pylon  
  115  9:04  Robotics Facility  
  115  9:14  Pylon  
  115  9:15  Stalker x2  
  115  9:16  Stalker x5, Pylon  
  135  9:31  Colossus (Chrono Boost)  
  135  9:34  Photon Cannon  
  135  9:36  Photon Cannon  
  135  9:37  Gateway  
  121  10:08  Protoss Ground Weapons Level 3 (Chrono Boost)  
  121  10:09  Probe  
  121  10:12  Colossus (Chrono Boost)  
  121  10:13  Probe x3  
  121  10:14  Gateway  
  125  10:15  Gateway  
  125  10:16  Colossus (Chrono Boost), Gateway  
  131  10:21  Probe  
  131  10:25  Templar Archives, Probe x2  
  131  10:26  Probe  
  131  10:27  Dark Shrine  
  135  10:34  Probe  
  136  10:41  Probe x2  
  138  10:44  Assimilator  
  138  10:48  Assimilator  
  138  10:51  Observer  
  136  10:57  Psionic Storm  
  136  10:59  Observer (Chrono Boost)  
  136  11:02  Pylon  
  136  11:03  Pylon  
  137  11:04  Pylon, Charge (Chrono Boost)  
  137  11:10  Observer Gravitic Boosters (Chrono Boost)  
  137  11:17  Warp Prism (Chrono Boost)  
  137  11:18  Pylon  
  139  11:25  High Templar x3  
  141  11:27  High Templar  
  147  11:32  Photon Cannon  
  147  11:33  Photon Cannon  
  147  11:36  Photon Cannon  
  147  11:37  Photon Cannon  
  147  11:42  Colossus  
  153  11:48  Nexus  
  153  11:51  Dark Templar x2  
  153  11:53  Dark Templar, Zealot  
  153  11:54  Zealot x6  
  173  12:08  Pylon  
  169  12:16  Forge  
  169  12:17  Dark Templar  
  169  12:18  Dark Templar x2, Zealot x3  
  169  12:19  Zealot x3  
  156  13:04  Dark Templar x2  
  156  13:05  Dark Templar x4  
  164  13:06  Zealot x4  
  164  13:07  Zealot x3  
Tags
 
Add a new tag
Caveats
  • Supply blocks, unpowered buildings, or Contaminate may cause inaccurate times.
  • Supply counts are checked every 10 seconds.